 Dungeon Crawl Stone Soup version 0.20.1-1-g8b1a95d (webtiles) character file.

323 Larett the Chopper (level 6, 0/58 HPs)
             Began as a Minotaur Berserker on Oct 1, 2017.
             Was a Believer of Trog.
             Slain by a big kobold
             ... wielding a +0 club
              (4 damage)
             ... on level 3 of the Dungeon.
             The game lasted 00:05:17 (1937 turns).

Larett the Chopper (Minotaur Berserker)             Turns: 1937, Time: 00:05:17

Health: 0/58       AC:  5    Str: 21    XL:     6   Next: 23%
Magic:  5/5        EV: 12    Int:  9    God:    Trog [**....]
Gold:   99         SH:  0    Dex: 14    Spells: 5/5 levels left

rFire    . . .     SeeInvis .   a - +0 hand axe
rCold    . . .     Gourm    .   (no shield)
rNeg     . . .     Faith    .   l - +0 ring mail
rPois    .         Spirit   .   (helmet restricted)
rElec    .         Reflect  .   (no cloak)
rCorr    +         Harm     .   (no gloves)
MR       .....                  (no boots)
Stlth    +.........             (no amulet)
Regen    0.2/turn               g - ring of resist corrosion
MPRegen  0.1/turn               (no ring)

@: brilliant, hasted, very quick
A: retaliatory headbutt, horns 2, agile 1, high mp 1, evolution 1, sturdy frame
1
a: Berserk, Trog's Hand, Burn Spellbooks, Renounce Religion


You were on level 3 of the Dungeon.
You worshipped Trog.
Trog was pleased with you.
You were not hungry.

You visited 1 branch of the dungeon, and saw 3 of its levels.

You collected 99 gold pieces.

Inventory:

Hand Weapons
 a - a +0 hand axe (weapon)
 b - a +0 hunting sling
Missiles
 e - 44 stones (quivered)
 n - 18 poisoned needles
 s - 13 arrows
Armour
 l - a +0 ring mail (worn)
Jewellery
 g - a ring of resist corrosion (left hand)
Scrolls
 f - a scroll of magic mapping {unknown}
 h - a scroll of immolation {unknown}
 k - 3 scrolls of identify {unknown}
 q - a scroll of amnesia {unknown}
 r - a scroll of noise {unknown}
Potions
 Q - a potion of curing
Comestibles
 c - 4 bread rations
 m - a royal jelly


   Skills:
 + Level 6.4 Fighting
 + Level 6.6 Axes
 - Level 2.4 Armour
 - Level 2.1 Dodging


You had 5 spell levels left.
You didn't know any spells.

Dungeon Overview and Level Annotations

Branches:
Dungeon (3/15)

Altars:


Innate Abilities, Weirdness & Mutations

You reflexively headbutt those who attack you in melee.
You have a pair of horns on your head.
You are agile. (Dex +2)
You have an increased reservoir of magic. (+10% MP)
You evolve.
Your movements are slightly less encumbered by armour. (ER -2)


Message History

The hobgoblin shouts!
It was a potion of haste.
You feel yourself speed up. The big kobold barely misses you.
The big kobold hits you but does no damage.
It was a potion of brilliance.
You feel clever all of a sudden.
It was a potion of mutation.
You feel extremely strange.
You feel less encumbered by your armour.
You feel more energetic.
You feel nature experimenting on you.
Don't worry, failures die fast.
You feel agile. The big kobold hits you with a club.
* * * LOW HITPOINT WARNING * * *
You miss the big kobold.
You headbutt the big kobold, but do no damage.
The big kobold is heavily wounded.
You hit the big kobold. Your headbutt misses the big kobold.
The big kobold is severely wounded.
The big kobold hits you with a club.
You die...

#..# #... # .# ...
#. .....#. .##
.##g.... . #≈≈≈≈≈.
#### ≈≈≈≈≈ ...###
≈≈≈ ######
.....######≈###K@?%#
###.......###....(!#
≈≈###...)....).#####
≈≈≈≈######.).###
≈≈≈≈≈ ##### ≈≈.....
...##.. #.!. .#


You could see a big kobold.

Vanquished Creatures
  The ghost of firebrand the Poker, an amateur MfSk (D:3)
  A big kobold (D:3)
  A howler monkey skeleton (D:3)
  5 adders
  An ooze (D:2)
  A worm (D:2)
  A dart slug (D:1)
  3 leopard geckos
  4 bats
  2 giant cockroaches (D:1)
  5 hobgoblins
  2 jackals (D:1)
  14 kobolds
  A quokka (D:2)
  A frilled lizard (D:2)
  7 goblins
  9 rats
59 creatures vanquished.

Notes
Turn   | Place    | Note
-------+----------+-------------------------------------------
     0 | D:1      | Larett the Minotaur Berserker began the quest for the Orb.
     0 | D:1      | Reached XP level 1. HP: 19/19 MP: 0/0
   173 | D:1      | Reached XP level 2. HP: 23/27 MP: 1/1
   686 | D:2      | Reached XP level 3. HP: 21/34 MP: 2/2
  1027 | D:2      | Reached XP level 4. HP: 41/41 MP: 3/3
  1032 | D:2      | Reached ** piety under Trog
  1734 | D:3      | Noticed firebrand's ghost (amateur MfSk)
  1769 | D:3      | Killed firebrand's ghost
  1769 | D:3      | Reached skill level 6 in Fighting
  1769 | D:3      | Reached skill level 6 in Axes
  1769 | D:3      | Reached XP level 5. HP: 42/50 MP: 4/4
  1927 | D:3      | Reached XP level 6. HP: 7/58 MP: 5/5
  1927 | D:3      | HP: 1/58 [big kobold/club (2)]
  1935 | D:3      | Gained mutation: Your movements are slightly less encumbered by armour. (ER -2) [potion of mutation]
  1935 | D:3      | Gained mutation: You have an increased reservoir of magic. (+10% MP) [potion of mutation]
  1935 | D:3      | Gained mutation: You evolve. [potion of mutation]
  1935 | D:3      | Gained mutation: You are agile. (Dex +2) [potion of mutation]
  1937 | D:3      | Slain by a big kobold

Skill      XL: |  1  2  3  4 |
---------------+-------------+-----
Axes           | 4 6 |  6.6
Fighting       | 4 6 |  6.4
Armour         | |  2.4
Dodging        | |  2.1

Action                   |  1- 3 |  4- 6 || total
-------------------------+-------+-------++-------
Melee: Hand axe          |    59 |    71 ||   130
       Headbutt          |    14 |    15 ||    29
 Fire: Hunting sling     |    11 |       ||    11
Invok: Berserk           |       |     1 ||     1
  Use: Potion            |       |     4 ||     4
  Eat: Chunk             |       |     4 ||     4
Armor: Animal skin       |     1 |       ||     1
       Ring mail         |    17 |    28 ||    45
Dodge: Dodged            |    41 |    47 ||    88
